 Dungeon Sprint DCSS version 0.23.2-1-ga50397a (webtiles) character file.

Game seed: 10913047132541155326

12225 Fang the Warrior (level 11, -18/83 HPs)
             Began as a Gargoyle Berserker on Apr 24, 2019.
             Was the Champion of Trog.
             Demolished by a reaper
             ... wielding a +1 scythe of venom
              (20 damage)
             ... in the Dungeon (Sprint V: "Ziggurat Sprint").
             The game lasted 00:02:44 (1081 turns).

Fang the Warrior (Gargoyle Berserker)               Turns: 1081, Time: 00:02:45

Health: -18/83     AC: 40    Str: 22    XL:     11   Next: 90%
Magic:  11/11      EV: 17    Int:  8    God:    Trog [******]
Gold:   0          SH:  0    Dex: 13    Spells: 10/10 levels left

rFire    + . .     SeeInvis .   j - +5 executioner's axe
rCold    . . .     Gourm    .   (shield currently unavailable)
rNeg     + . .     Faith    .   k - +15 Maxwell's patent armour {-Cast -Tele rElec MR+ rCorr}
rPois    ∞         Spirit   .   (no helmet)
rElec    +         Reflect  .   (no cloak)
rCorr    +         Harm     .   (no gloves)
MR       ++...     NoTele   +   (no boots) Stlth ..........NoCast +
                                H - amulet of Xom's Recklessness {+Rage rPois rF+}
HPRegen  0.23/turn              C - ring of Xeufetyo {*Corrode +Inv MR+ Dex+4 Slay+2}
MPRegen  0.12/turn              A - +4 ring of evasion

@: berserk cooldown, slowed, very slow
A: negative energy resistance 1, electricity resistance, weak 1, unbreathing,
petrification resistance, rot immunity, AC +8
a: Berserk, Trog's Hand, Brothers in Arms, Renounce Religion, Evoke Berserk
Rage, Evoke Invisibility


You were in the Dungeon.
You worshipped Trog.
Trog was exalted by your worship.
You were very hungry.

You visited 1 branch

Inventory:

Hand Weapons
 j - a +5 executioner's axe (weapon)
 F - a +1 antimagic battleaxe
Armour
 a - a +3 plate armour of fire resistance
 k - the +15 Maxwell's patent armour (worn) {-Cast -Tele rElec MR+ rCorr}
   (You found it in the Dungeon)

   It insulates you from electricity.
   It affects your resistance to hostile enchantments.
   It prevents spellcasting.
   It prevents most forms of teleportation.
   It provides partial protection from all sources of acid and corrosion.
 G - the +1 leather armour of Theory {+Inv rC+ Stlth+}
   (You found it in the Dungeon)

   It protects you from cold.
   It lets you turn invisible.
   It makes you more stealthy.
Jewellery
 b - an uncursed ring of stealth
 z - an uncursed ring of protection from cold
 A - a +4 ring of evasion (right hand)
 C - the ring of Xeufetyo (left hand) {*Corrode +Inv MR+ Dex+4 Slay+2}
   (You found it in the Dungeon)

   [ring of protection from magic]

   It affects your dexterity (+4).
   It affects your accuracy and damage with ranged weapons and melee attacks
   (+2).
   It affects your resistance to hostile enchantments.
   It lets you turn invisible.
   It may corrode you when you take damage.
 D - a +6 ring of strength
 E - a +6 ring of strength
 H - the amulet of Xom's Recklessness (around neck) {+Rage rPois rF+}
   (You found it in the Dungeon)

   [amulet of rage]

   It protects you from fire.
   It protects you from poison.
   It lets you go berserk.
 I - an uncursed ring of ice
 J - an uncursed ring of magical power
 K - a +3 ring of intelligence
Wands
 w - a wand of disintegration (7)
 x - a wand of iceblast (7)
 y - a wand of acid (7)
Scrolls
 i - 4 scrolls of blinking
 l - 7 scrolls of fog
 m - a scroll of holy word
 n - 5 scrolls of identify
 o - 5 scrolls of remove curse
 p - 2 scrolls of fear
Potions
 d - 10 potions of curing
 e - 10 potions of heal wounds
 f - 10 potions of haste
 g - 7 potions of magic
 h - 3 potions of berserk rage
 q - 2 potions of brilliance
 r - 2 potions of invisibility
 s - 4 potions of resistance
 t - a potion of experience
 u - 5 potions of agility
 v - 5 potions of might
Comestibles
 c - 7 rations
 B - 8 chunks of flesh


   Skills:
 + Level 15.7 Fighting
 + Level 13.5 Axes
 + Level 15.6 Armour
 + Level 12.4 Dodging


You had 10 spell levels left.
You didn't know any spells.
Your spell library was empty.

Dungeon Overview and Level Annotations

Branches:
Dungeon (1/1)

Altars:
Ashenzari
Cheibriados
Dithmenos
Elyvilon
Fedhas
Gozag
Hepliaklqana
Kikubaaqudgha
Makhleb
Nemelex Xobeh
Okawaru
Qazlal
Ru
Sif Muna
Trog
Uskayaw
Vehumet
Wu Jian
Xom
Yredelemnul
Zin
The Shining One
Beogh
Jiyva
Lugonu

Annotations:
D 1 transporter


Innate Abilities, Weirdness & Mutations

You are resistant to torment.
Your stone body is resilient. (AC +8)
You are immune to poison.
You resist negative energy. (rN+)
You are resistant to electric shocks. (rElec)
You can survive without breathing.
You are immune to petrification.
You are immune to rotting.
You are weak. (Str -2)


Message History

* * * LOW HITPOINT WARNING * * *
You barely miss the reaper.
The reaper is moderately wounded.
You slice the mummy!!
You destroy the mummy!
Trog accepts your kill.
You slash the reaper! The reaper barely misses you.
You slash the reaper!
The reaper is heavily wounded.
You slice the reaper!!
You are no longer berserk.
You are exhausted.
You feel yourself slow down.
The reaper hits you with a +1 scythe of venom!!
* * * LOW HITPOINT WARNING * * *
You hit the reaper but do no damage.
The reaper is heavily wounded.
You barely miss the reaper. The reaper hits you but does no damage.
The reaper hits you with a +1 scythe of venom!!
You die...

▓....©....▓
▓▓▓▓▓▓▓▓▓▓▓▓▓▓▓▓▓▓▓▓▓▓▓
▓...8©8...▓...8©8...▓..
▓...|)=}|.▓...):}[..▓..
▓..|=))|..▓..).|[|..▓..
▓.........▓.........▓..
▓.........▓.........▓..
▓....)22..▓.........▓..
▓.....@...▓...†††...▓..
▓..▓..)▓..▓....)÷...▓..
▓.▓.....▓.▓.▓.....▓.▓..
▓....©....▓....©....▓▓▓
▓▓▓▓▓▓▓▓▓▓▓▓▓▓▓▓▓▓▓▓▓


You could see 2 reapers.

Vanquished Creatures
  A death yak (D)
  2 dancing weapons (D)
  A deep elf knight (D)
  An ugly thing (D)
  An orc sorcerer (D)
  2 cyclopes (D)
  3 deep elf magi (D)
  5 toenail golems (D)
  A black mamba (D)
  A rust devil (D)
  A spiny frog (D)
  2 ice devils (D)
  A red devil (D)
  A troll (shapeshifter) (D)
  A merfolk (D)
  A queen bee (shapeshifter) (D)
  3 hippogriffs (D)
  A wraith (D)
  3 fire elementals (D)
  2 neqoxecs (D)
  A basilisk (shapeshifter) (D)
  3 nagas (D)
  4 water moccasins (D)
  A floating eye (D)
  A hell hound (D)
  3 porcupines (D)
  A phantom (D)
  2 necrophages (D)
  A centaur (D)
  A crocodile (D)
  2 wights (D)
  A jelly (D)
  An iron imp (D)
  A mummy (D)
  An adder (D)
  4 oozes (D)
  2 adder skeletons (D)
  2 bat skeletons (D)
  2 ball pythons (D)
  A giant cockroach zombie (D)
  A jackal skeleton (D)
  2 jackal zombies (D)
  A leopard gecko zombie (D)
73 creatures vanquished.

Vanquished Creatures (others)
  2 spatial maelstroms (D)
2 creatures vanquished.

Grand Total: 75 creatures vanquished

Notes
Turn   | Place    | Note
-------+----------+-------------------------------------------
     0 | D        | Found the +6 Majin-Bo {vamp, Archmagi MP+6 Int+6}
     0 | D        | Found the +7 great mace "Firestarter" {inner flame, rF++}
     0 | D        | Fang the Gargoyle Berserker began the quest for the Orb.
     0 | D        | Reached XP level 1. HP: 14/14 MP: 1/1
     1 | D        | Found a blossoming altar of Fedhas.
     2 | D        | Found a viscous altar of Jiyva.
     2 | D        | Found a transporter.
     2 | D        | Found a hazy altar of Hepliaklqana.
     2 | D        | Found an ancient bone altar of Kikubaaqudgha.
     2 | D        | Found an opulent altar of Gozag.
     2 | D        | Found a corrupted altar of Lugonu.
     5 | D        | Banished a spatial maelstrom
     6 | D        | Banished a spatial maelstrom
     8 | D        | Found a burning altar of Makhleb.
    10 | D        | Found a stormy altar of Qazlal.
    10 | D        | Found an iron altar of Okawaru.
    10 | D        | Found a sacrificial altar of Ru.
    10 | D        | Found a sparkling altar of Nemelex Xobeh.
    10 | D        | Found a deep blue altar of Sif Muna.
    10 | D        | Found a bloodstained altar of Trog.
    16 | D        | Found the +9 heavy crossbow "Sniper" {velocity, Acc+∞ SInv}
    16 | D        | Found the +10 dark maul {crush}
    16 | D        | Found the +15 Maxwell's patent armour {-Cast -Tele rElec
                  | MR+ rCorr}
    16 | D        | Found the +18 shield of the Gong {rElec rN+ MR+ EV-5}
    16 | D        | Found the cursed +14 obsidian axe {chop, +Fly SInv *Curse}
    16 | D        | Banished a spatial maelstrom
    63 | D        | Entered arena 2.
    63 | D        | Found a transporter.
    65 | D        | Reached XP level 2. HP: 20/20 MP: 2/2
    73 | D        | Entered arena 3.
    73 | D        | Noticed a phantom
    73 | D        | Noticed a necrophage
    73 | D        | Found a transporter.
    81 | D        | Reached ** piety under Trog
    82 | D        | Killed a necrophage
    82 | D        | Reached skill level 5 in Fighting
    82 | D        | Reached skill level 5 in Armour
    82 | D        | Reached XP level 3. HP: 20/27 MP: 3/3
    82 | D        | Reached XP level 4. HP: 24/32 MP: 4/4
    86 | D        | Killed a phantom
    86 | D        | Reached skill level 5 in Axes
    86 | D        | Reached XP level 5. HP: 28/37 MP: 5/5
   155 | D        | Entered arena 4.
   155 | D        | Noticed a fire elemental
   155 | D        | Noticed a fire elemental
   155 | D        | Noticed a fire elemental
   155 | D        | Noticed a hell hound
   155 | D        | Found a transporter.
   161 | D        | Killed a fire elemental
   161 | D        | Reached *** piety under Trog
   161 | D        | Reached skill level 5 in Dodging
   161 | D        | Reached XP level 6. HP: 34/44 MP: 6/6
   162 | D        | Killed a fire elemental
   162 | D        | Reached XP level 7. HP: 38/50 MP: 7/7
   166 | D        | Killed a fire elemental
   391 | D        | Entered arena 5.
   391 | D        | Found a transporter.
   393 | D        | Paralysed by a floating eye for 4 turns
   397 | D        | Reached **** piety under Trog
   442 | D        | Entered arena 6.
   442 | D        | Noticed a toenail golem
   442 | D        | Noticed a toenail golem
   442 | D        | Noticed a toenail golem
   442 | D        | Noticed a toenail golem
   442 | D        | Noticed a toenail golem
   442 | D        | Found a transporter.
   450 | D        | Killed a toenail golem
   450 | D        | Reached skill level 10 in Fighting
   450 | D        | Reached skill level 10 in Armour
   450 | D        | Reached XP level 8. HP: 58/58 MP: 8/8
   450 | D        | Killed a toenail golem
   450 | D        | Reached ***** piety under Trog
   451 | D        | Killed a toenail golem
   451 | D        | Reached XP level 9. HP: 64/64 MP: 9/9
   452 | D        | Killed a toenail golem
   452 | D        | Reached skill level 10 in Axes
   455 | D        | Killed a toenail golem
   455 | D        | Received a gift from Trog
   495 | D        | Entered arena 7.
   495 | D        | Noticed a cyclops
   495 | D        | Noticed a merfolk
   495 | D        | Noticed a cyclops
   496 | D        | Identified the +6 long sword "Usogosero" {freeze, Dex+2}
   496 | D        | Found a transporter.
   502 | D        | Killed a cyclops
   504 | D        | Reached XP level 10. HP: 62/72 MP: 10/10
   507 | D        | Killed a cyclops
   507 | D        | Reached skill level 10 in Dodging
   511 | D        | Received a gift from Trog
   524 | D        | Got the ring of Xeufetyo {*Corrode +Inv MR+ Dex+4 Slay+2}
   584 | D        | Entered arena 8.
   584 | D        | Noticed a green ugly thing
   585 | D        | Found a transporter.
   595 | D        | Gained mutation: You are weak. (Str -2) [a neqoxec]
   598 | D        | Killed a green ugly thing
   600 | D        | Received a gift from Trog
   612 | D        | Got the +1 leather armour of Theory {+Inv rC+ Stlth+}
   713 | D        | Entered arena 9.
   713 | D        | Noticed a deep elf knight
   713 | D        | Noticed a deep elf mage
   713 | D        | Noticed an orc sorcerer
   713 | D        | Noticed a +0 scimitar of holy wrath
   713 | D        | Noticed a +3 halberd of venom
   713 | D        | Noticed a deep elf mage
   713 | D        | Noticed a deep elf mage
   714 | D        | Noticed a smoke demon
   714 | D        | Found a transporter.
   718 | D        | Killed a deep elf mage
   722 | D        | Noticed a rust devil
   722 | D        | Killed a deep elf mage
   725 | D        | Killed a +3 halberd of venom
   728 | D        | Killed an orc sorcerer
   728 | D        | Reached XP level 11. HP: 78/80 MP: 11/11
   734 | D        | Killed a deep elf mage
   734 | D        | Reached ****** piety under Trog
   737 | D        | Killed a deep elf knight
   737 | D        | Killed a +0 scimitar of holy wrath
   781 | D        | Got the amulet of Xom's Recklessness {+Rage rPois rF+}
   923 | D        | Entered arena 10.
   924 | D        | Found a transporter.
   928 | D        | Received a gift from Trog
   940 | D        | Received a gift from Trog
   972 | D        | Entered arena 11.
   973 | D        | Found a transporter.
   977 | D        | Reached skill level 15 in Fighting
   989 | D        | Entered arena 12.
   990 | D        | Found the +2 robe of Vines {NoPotionHeal Regen+7}
   990 | D        | Noticed a death yak
   991 | D        | Found a transporter.
   994 | D        | Received a gift from Trog
   996 | D        | Reached skill level 15 in Armour
   998 | D        | Received a gift from Trog
  1004 | D        | Killed a death yak
  1061 | D        | Entered arena 13.
  1061 | D        | Noticed a reaper
  1061 | D        | Noticed a reaper
  1062 | D        | Identified the cursed +0 leather armour of Dalibryri {Dex+4
                  | Stlth+}
  1063 | D        | Found a transporter.
  1071 | D        | Received a gift from Trog
  1080 | D        | HP: 2/83 [reaper/+1 scythe of venom (23)]
  1081 | D        | Demolished by a reaper

Skill      XL: |  1  2  3  4  5  6  7  8  9 10 11 |
---------------+----------------------------------+-----
Axes           | 3 4 5 6 7 8 9 10 12 13 | 13.5
Dodging        | 2 3 4 5 6 7 8 9 11 12 | 12.4
Fighting       | 4 5 6 7 8 10 11 12 14 15 | 15.7
Armour         | 3 5 6 7 8 10 11 12 14 15 | 15.6

Action                   |  1- 3 |  4- 6 |  7- 9 | 10-12 || total
-------------------------+-------+-------+-------+-------++-------
Melee: Executioner's axe |     9 |     8 |    36 |    87 ||   140
Invok: Berserk           |       |     1 |     1 |     3 ||     5
       Trog's Hand       |       |       |     1 |       ||     1
  Eat: Chunk             |       |       |       |     5 ||     5
Armor: Plate armour      |    34 |    20 |    63 |   110 ||   227
Dodge: Dodged            |    18 |     8 |    54 |   144 ||   224
